 Dungeon Crawl Stone Soup version 0.18-a0-1481-g708b138 (webtiles) character file.

324 Goblin1989 the Chopper (level 6, -1/44 HPs)
             Began as a Demonspawn Gladiator on Mar 2, 2016.
             Killed by divine providence
             ... invoked by an orc priest
              (11 damage)
             ... on level 4 of the Dungeon.
             The game lasted 00:08:16 (3553 turns).

Goblin1989 the Chopper (Demonspawn Gladiator)       Turns: 3553, Time: 00:08:17

Health: -1/44      AC:  7    Str: 16    XL:     6   Next: 23%
Magic:  6/6        EV:  8    Int: 10    God:
Gold:   167        SH:  7    Dex: 14    Spells: 0 memorised, 5 levels left

rFire  . . .     SeeInvis .     v - +1 war axe (venom)
rCold  . . .     Gourm    .     n - +0 ring mail
rNeg   . . .     Faith    .     t - +0 shield
rPois  .         Spirit   .     c - +0 helmet
rElec  .         Dismiss  .     (no cloak)
rCorr  .         Reflect  .     (no gloves)
SustAt .         Harm     .     (no boots)
MR     .....                    (no amulet)
Stlth  +.........               (no ring)
                                (no ring)

@: not resistant to hostile enchantments, very unstealthy
A: molten scales 1, powered by pain 1
a: no special abilities


You were on level 4 of the Dungeon.
You were hungry.

You visited 1 branch of the dungeon, and saw 4 of its levels.

You collected 167 gold pieces.

Inventory:

Hand Weapons
 v - a +1 war axe of venom (weapon)
Missiles
 d - 3 throwing nets (quivered)
Armour
 b - a +0 scale mail
 c - a +0 helmet (worn)
 n - a +0 ring mail (worn)
 t - a +0 shield (worn)
 u - a +0 chain mail
Wands
 m - a wand of polymorph (16/24)
Scrolls
 e - a scroll of amnesia {unknown}
 h - 5 scrolls of identify {unknown}
 k - 2 scrolls of remove curse {unknown}
 l - 2 scrolls of teleportation {unknown}
 o - 2 scrolls of fog {unknown}
 s - 2 scrolls of random uselessness {unknown}
 x - a scroll of enchant weapon {unknown}
 y - a scroll of blinking {unknown}
 z - a scroll of recharging {unknown}
Potions
 i - 3 potions of curing {unknown}
 p - 2 potions of degeneration {unknown}
 r - a potion of haste {unknown}
 w - 2 potions of heal wounds {unknown}
Comestibles
 a - a chunk of flesh
 f - 4 bread rations
 g - 4 meat rations
 j - 2 slices of pizza
 q - a beef jerky


   Skills:
 - Level 2.0 Fighting
 * Level 6.4 Axes
   Level 0.0 Crossbows
 - Level 1.7 Throwing
 - Level 2.6 Dodging


You had 5 spell levels left.
You didn't know any spells.

Dungeon Overview and Level Annotations

Branches:
Dungeon (4/15)
 Temple: D:4-7

Altars:
Cheibriados
Elyvilon
Pakellas

Annotations:
D:4 Menkaure


Innate Abilities, Weirdness & Mutations

You are partially covered in molten scales (AC +1).
You sometimes gain a little power by taking damage.


Message History

You hit the orc priest.
The orc priest looks even sicker.
The orc priest is moderately wounded.
You closely miss the orc.
The orc is severely wounded.
The orc priest hits you but does no damage.
The orc hits you with a mace.
* * * LOW HITPOINT WARNING * * *
You hit the orc priest.
The orc priest is severely wounded.
You hit the orc.
You kill the orc!
The orc priest casts a cantrip, but nothing happens.
Unknown command.
You closely miss the orc priest.
The orc priest is severely wounded.
You are feeling hungry.
You block the orc priest's attack.
The orc priest invokes the aid of Beogh against you.
Beogh smites you!
You die...

..#.......#.........#
..#.......#.........#
..'.......#....._...#
..#.................#
..#...........⌠.....#
..#.................#
###.......#._.......#
#.......#....o....#
#.......#....)@...#
#.......+....#....#
###.......#....#....#
..........#...o#....#
....>.....#....#....#
..........#....#....#
..........#...o#....#
..........#o...#....#
...########....#....#


You could see an orc priest.

Vanquished Creatures
  3 orc priests (D:3)
  Ijyb (D:2)
  2 orc wizards (D:3)
  3 adders
  An ooze (D:3)
  A worm (D:2)
  3 giant geckos
  18 orcs
  3 ball pythons (D:3)
  9 bats
  4 giant cockroaches
  12 goblins
  9 hobgoblins
  15 jackals
  2 giant newts
  8 kobolds
  9 rats
103 creatures vanquished.

Notes
Turn   | Place    | Note
--------------------------------------------------------------
     0 | D:1      | Goblin1989 the Demonspawn Gladiator began the quest for the Orb.
     0 | D:1      | Reached XP level 1. HP: 16/16 MP: 1/1
    54 | D:1      | Reached skill level 3 in Axes
    64 | D:1      | Gained mutation: You are partially covered in molten scales (AC +1). [demonic ancestry]
    64 | D:1      | Reached XP level 2. HP: 11/22 MP: 2/2
   735 | D:1      | Reached XP level 3. HP: 20/27 MP: 3/3
   926 | D:2      | Reached skill level 4 in Axes
  1134 | D:2      | Found a snail-covered altar of Cheibriados.
  1502 | D:2      | Noticed Ijyb
  1521 | D:2      | Killed Ijyb
  1521 | D:2      | Reached XP level 4. HP: 28/33 MP: 4/4
  2081 | D:3      | Reached skill level 5 in Axes
  2346 | D:3      | Gained mutation: You sometimes gain a little power by taking damage. [demonic ancestry]
  2346 | D:3      | Reached XP level 5. HP: 31/38 MP: 5/5
  2779 | D:3      | Reached skill level 6 in Axes
  2858 | D:3      | Reached XP level 6. HP: 44/44 MP: 6/6
  3362 | D:4      | Noticed Menkaure
  3489 | D:4      | Found a white marble altar of Elyvilon.
  3493 | D:4      | Found an oddly glowing altar of Pakellas.
  3553 | D:4      | Killed from afar by an orc priest

Vault maps used:
D:1:      scummos_arrival_gate, st_stairs_5
D:2:      kennysheep_big_flooded_room, cheibriados_altar_1,
          minmay_parallelograms, uniq_iyjb
D:3:      first_bread
D:4:      grunt_temple_overflow_open, lemuel_doored_altar, uniq_menkaure

Skill      XL: |  1  2  3  4  5 |
---------------+----------------+-----
Axes           | 3 4 5 6 |  6.4
Fighting       | |  2.0
Throwing       | |  1.7
Dodging        | |  2.6

Action                   |  1- 3 |  4- 6 || total
-------------------------+-------+-------++-------
Melee: War axe           |   152 |   167 ||   319
  Eat: Chunk             |     1 |     6 ||     7
       Beef jerky        |       |     1 ||     1
